 Dungeon Crawl Stone Soup version 0.26-a0-504-g0cf647090d (webtiles) character file.

Game seed: 15385885719117806706

113 Notrik the Skirmisher (level 4, -3/37 HPs)
             Began as a Demonspawn Fighter on Aug 7, 2020.
             Was an Initiate of Trog.
             Slain by Edmund
             ... wielding a +4 dire flail of protection
              (6 damage)
             ... on level 3 of the Dungeon.
             The game lasted 00:06:18 (3198 turns).

Notrik the Skirmisher (Demonspawn Fighter)          Turns: 3198, Time: 00:06:20

Health: -3/37      AC: 10    Str: 17    XL:     4   Next: 65%
Magic:  4/4        EV:  7    Int: 10    God:    Trog [......]
Gold:   157        SH:  9    Dex: 12    Spells: 3/3 levels left

rFire    . . .     SeeInvis .   a - +0 war axe
rCold    . . .     Faith    .   c - +0 kite shield
rNeg     . . .     Spirit   .   b - +0 scale mail
rPois    .         Reflect  .   (no helmet)
rElec    .         Harm     .   i - +0 cloak
rCorr    .                      r - +0 pair of gloves (curse)
MR       .....                  y - +0 pair of boots
Stlth    ..........             (no amulet)
HPRegen  0.12/turn              (no ring)
MPRegen  0.09/turn              (no ring)

@: mighty
A: claws 2
a: Renounce Religion


You were on level 3 of the Dungeon.
You worshipped Trog.
Trog was noncommittal.
You visited 1 branch of the dungeon, and saw 4 of its levels.

You collected 157 gold pieces.

Inventory:

Hand Weapons
 a - a +0 war axe (weapon)
Missiles
 u - a throwing net (quivered) {!f}
Armour
 b - a +0 scale mail (worn)
 c - a +0 kite shield (worn)
 i - a +0 cloak (worn)
   (You found it on level 1 of the Dungeon)
 r - a cursed +0 pair of gloves (worn)
   (You found it on level 3 of the Dungeon)
 y - a +0 pair of boots (worn)
   (You found it on level 3 of the Dungeon)
Jewellery
 m - an uncursed ring of wizardry {unknown}
   (You found it on level 2 of the Dungeon)
Scrolls
 f - a scroll of identify {@r1}
 g - 4 scrolls of blinking
 h - a scroll of noise {unknown}
 k - 3 scrolls of immolation {unknown}
 n - a scroll of fog {unknown}
 p - a scroll of enchant weapon {unknown}
 q - a scroll of magic mapping {unknown}
 v - a scroll of amnesia {unknown}
 x - a scroll of enchant armour {unknown}
 z - a scroll of remove curse {unknown}
Potions
 e - 2 potions of invisibility
 j - a potion of magic
 l - 2 potions of lignification {!q}
 o - a potion of mutation {unknown}
 s - a potion of brilliance {unknown}
 t - a potion of haste {unknown}
 w - a potion of heal wounds {unknown}


   Skills:
 * Level 4.1 Fighting
 + Level 2.5 Axes
 + Level 3.2 Armour
 + Level 3.2 Shields


You had 3 spell levels left.
You didn't know any spells.
Your spell library was empty.

Dungeon Overview and Level Annotations

Branches:
Dungeon (4/15)
 Temple: D:4-7

Altars:
Ashenzari
Dithmenos
Fedhas
Trog

Annotations:
D:3 Edmund


Innate Abilities, Weirdness & Mutations

You have very sharp fingernails.


Message History

You see here 14 stones.
There is an open door here.
Things that are here:
a +0 dagger; a +6 ring of strength
There is an open door here.
There is an open door here.
There is a stone staircase leading down here.
You climb downwards.
There is a stone staircase leading up here.
Edmund the Younger comes into view.
He is wielding a +4 dire flail of protection.
Edmund shouts!
You closely miss Edmund.
Edmund hits you with a +4 dire flail of protection!
Edmund clears his throat.
Edmund barely misses you.
You hit Edmund.
Edmund says, "People will remember me!
They'll remember me and die!"
Edmund hits you with a +4 dire flail of protection.
You hit Edmund but do no damage. You block Edmund's attack.
You hit Edmund. You block Edmund's attack.
You hit Edmund but do no damage. You block Edmund's attack.
Edmund hits you with a +4 dire flail of protection.
You barely miss Edmund. Edmund hits you but does no damage.
Unknown command.
Unknown command.
There is a stone staircase leading up here.
You can't go down here!
Edmund hits you with a +4 dire flail of protection!
* * * LOW HITPOINT WARNING * * *
You climb upwards.
There is a stone staircase leading down here.
You hit Edmund. You block Edmund's attack.
Okay, then.
You feel very mighty all of a sudden.
Edmund hits you with a +4 dire flail of protection.
* * * LOW HITPOINT WARNING * * *
You barely miss Edmund.
Edmund hits you with a +4 dire flail of protection!
* * * LOW HITPOINT WARNING * * *
Edmund mutters, "Who needs spells, anyway?"
You block Edmund's attack.
A stone staircase leading down.
Level annotation: Edmund Options error: Bad channel -- pray (~/.crawlrc:4447) Options error: Bad channel -- food (~/.crawlrc:4450) Welcome back, Notrik the Demonspawn Fighter.
Trog says: Kill them all!
You slash Edmund!
Edmund hits you with a +4 dire flail of protection.
You die...

######### #.......# #########
#.......#
#.......#####.@.....#####
#.##.#........@.........#######
#.##....#####.......###.#......
#.###.#.# #.......###.#.#####
#.###.#.# #........##.#.#
#.......# #####...###.#.#####
#####.### ##.## #.......# #.#
#.# ###.###.# ###.##### #.#
#......


You could see Edmund.

Vanquished Creatures
  A worker ant (D:3)
  4 worms
  2 leopard geckos
  3 orcs (D:3)
  4 bats
  6 giant cockroaches
  19 goblins
  8 hobgoblins
  6 kobolds
  A quokka (D:3)
  13 rats
67 creatures vanquished.

Notes
Turn   | Place    | Note
-------+----------+-------------------------------------------
     0 | D:1      | Notrik the Demonspawn Fighter began the quest for the Orb.
     0 | D:1      | Reached XP level 1. HP: 18/18 MP: 1/1
   215 | D:1      | Gained mutation: You have sharp fingernails. [demonic
                  | ancestry]
   215 | D:1      | Reached XP level 2. HP: 24/24 MP: 2/2
   917 | D:2      | Reached XP level 3. HP: 26/29 MP: 3/3
  1286 | D:2      | Found a shadowy altar of Dithmenos.
  2215 | D:3      | Gained mutation: You have very sharp fingernails. [demonic
                  | ancestry]
  2215 | D:3      | Reached XP level 4. HP: 37/37 MP: 4/4
  2273 | D:3      | Found a shattered altar of Ashenzari.
  2293 | D:3      | Found a bloodstained altar of Trog.
  2367 | D:3      | Became a worshipper of Trog the Wrathful
  2620 | D:3      | Found a blossoming altar of Fedhas.
  2750 | D:3      | Reached skill level 4 in Fighting
  3178 | D:4      | Noticed Edmund
  3198 | D:3      | Slain by Edmund

Illustrated notes

Levels and vault maps discovered:
D:1:      dpeg_arrival_solitude, layout_loops_ring, minivault_4,
          minmay_small_reverse_x
D:2:      layout_loops_corners, lemuel_crystal_altar
D:3:      layout_loops_corners, fedhas_altar_4, overflow_temple_1_default,
          trog_book
D:4:      layout_basic, uniq_natasha, uniq_edmund, uniq_menkaure, uniq_eustachio

Skill      XL: |  1  2  3  4 |
---------------+-------------+-----
Axes           | 2 |  2.5
Shields        | 3 |  3.2
Armour         | 3 |  3.2
Fighting       | 4 |  4.1

Action                   |  1- 3 |  4- 6 || total
-------------------------+-------+-------++-------
Melee: War axe           |   148 |    61 ||   209
  Use: Scroll            |     4 |       ||     4
       Potion            |       |     1 ||     1
Armor: Scale mail        |    55 |    31 ||    86
Dodge: Dodged            |    40 |    18 ||    58
Block: Kite shield       |    67 |    33 ||   100

Table legend: (Time is in decaauts)
 A = Elapsed time spent in this place.
 B = Non-inter-level travel time spent in this place.
 C = Inter-level travel time spent in this place.
 D = Time resting spent in this place.
 E = Time spent auto-exploring this place.
 F = Levels seen in this place.
 G = Mean time per level.
                   A        B        C        D        E       F      G
               +--------+--------+--------+--------+--------+-----+--------+
         Total |   3297 |   3122 |    175 |    172 |   2373 |   4 |  824.2 |
       Dungeon |   3297 |   3122 |    175 |    172 |   2373 |   4 |  824.2 |
               +--------+--------+--------+--------+--------+-----+--------+

Top non-repeatable levels by time:
     D:3: 1284 daAuts
     D:2: 1051 daAuts
     D:1: 940 daAuts
     D:4: 20 daAuts
